 Dungeon Crawl Stone Soup version 0.28.0 (webtiles) character file.

Game seed: 14183308518292129728

35 fragbeetle the Slasher (level 3, 0/30 HPs)
             Began as a Djinni Cinder Acolyte on Feb 12, 2022.
             Was a High Priest of Ignis.
             Slain by a worm (10 damage)
             ... on level 2 of the Dungeon.
             The game lasted 00:02:07 (1845 turns).

fragbeetle the Slasher (Djinni Cinder Acolyte)      Turns: 1845, Time: 00:02:08

Health: 0/30       AC:  2    Str: 13    XL:     3   Next: 52%
Gold:   36         EV: 11    Int: 15    God:    Ignis [*****.] SH:  0 Dex: 10

rFire   + + +      SeeInvis .   a - -1 falchion (flame)
rCold   x . .      Faith    .   (no shield)
rNeg    . . .      Spirit   .   b - +0 robe
rPois   ∞          Reflect  .   (no helmet)
rElec   .          Harm     .   (no cloak)
rCorr   .          Rampage  .   (no gloves)
Will    .....                   (boots unavailable)
Stlth   +.........              (no amulet)
HPRegen 0.10/turn               (no ring)
MPRegen 0.00/turn               (no ring)

@: flying, very slightly contaminated
A: sickness immunity, fire resistance 2, cold vulnerability 1, float, innate
caster, HP casting, extra vitality 1
a: Renounce Religion, Fiery Armour, Foxfire Swarm, Rising Flame


You were on level 2 of the Dungeon.
You worshipped Ignis.
Ignis was extremely pleased with you.
You visited 1 branch of the dungeon, and saw 2 of its levels.

You collected 36 gold pieces.

Inventory:

Hand Weapons
 a - a -1 falchion of flaming (weapon)
Armour
 b - a +0 robe (worn)
 f - a +0 helmet
Scrolls
 d - 3 scrolls of identify {unknown}
 g - a scroll of brand weapon {unknown}
 h - a scroll of enchant weapon {unknown}
Potions
 c - a potion of lignification {unknown}
 e - a potion of degeneration {unknown}


   Skills:
 - Level 3.0 Fighting
 * Level 3.6 Long Blades
 * Level 2.7 Spellcasting


You had 4 spell levels left.
You knew the following spells:

 Your Spells              Type           Power      Damage    Failure   Level
a - Scorch                Fire           20%        2d6       10%         2
b - Magic Dart            Conj           40%        1d5       7%          1
Your spell library was empty.

Dungeon Overview and Level Annotations

Branches:
Dungeon (2/15)

Altars:


Innate Abilities, Weirdness & Mutations

You are immune to sickness and miasma.
You are immune to poison.
Your flesh is very heat resistant. (rF++)
You are vulnerable to cold. (rC-)
You float through the air rather than walking.
You learn spells naturally, not from books.
Your magical power is your life essence.
You have superior vitality. (+4 MHP)


Message History

Flames lash the kobold.
You kill the kobold!
Things that are here:
a +0 short sword; a kobold corpse
Found a stone staircase leading up.
A kobold comes into view. It is wielding a +0 short sword.
A kobold is nearby!
The kobold shouts!
Casting: Scorch (safe; 11% risk of failure)
Confirm with . or Enter, or press ? or * to list all spells.
Flames lash the kobold.
You kill the kobold!
A worm comes into view.
A worm is nearby!
An endoplasm comes into view.
The worm barely misses you.
You barely miss the worm. You hit the worm. You burn the worm.
The worm is moderately wounded.
The worm bites you.
You hit the worm but do no damage.
The worm is moderately wounded.
You hit the worm. You burn the worm.
The worm is heavily wounded.
The worm bites you.
You hit the worm. You burn the worm.
The worm is heavily wounded.
The worm barely misses you.
You slash the worm! You burn the worm.
The worm is almost dead.
The worm bites you!
Casting: Scorch (safe; 10% risk of failure)
Confirm with . or Enter, or press ? or * to list all spells.
You miscast Scorch.
You are very lightly contaminated with residual magic.
Nothing appears to happen.
Casting: Scorch (safe; 10% risk of failure)
Confirm with . or Enter, or press ? or * to list all spells.
You miscast Scorch.
Nothing appears to happen.
The worm bites you!
You die...

.######.####.#
####.##.##
...........#.#.........#
#.##.#
######.###.#.#..........
#.##.#
.......#.....#.........#
#.##.#
....####.#.###.........#
#.##.#
....+....#...+..J......#
..
#...##########.........#
##)..............w.....+
#.####### #....@......#
#.# #...........#
##.#########<..#########
#..........#...#
#..^.##....#.###
#....##....#.#
#....##....#.#
#....#.....#.########
######...............


You could see a worm and an endoplasm.

Vanquished Creatures
  3 ball pythons (D:1)
  2 endoplasms (D:1)
  2 giant cockroaches (D:2)
  2 hobgoblins (D:1)
  5 jackals
  3 quokkas
  3 bats (D:1)
  3 frilled lizards (D:1)
  A goblin (D:1)
  3 kobolds
  6 rats
33 creatures vanquished.

Notes
Turn   | Place    | Note
-------+----------+-------------------------------------------
     0 | D:1      | fragbeetle the Djinni Cinder Acolyte began the quest for
                  | the Orb.
     0 | D:1      | Reached XP level 1. HP: 20/20 MP: 0/0
   105 | D:1      | Reached XP level 2. HP: 25/25 MP: 0/0
  1181 | D:1      | Reached XP level 3. HP: 12/30 MP: 0/0
  1181 | D:1      | Learned a level 1 spell: Magic Dart
  1413 | D:1      | Found a faded altar of an unknown god.
  1845 | D:2      | Slain by a worm

Illustrated notes

Levels and vault maps discovered:
D:1:      matt_arrival_diagonals, layout_basic, basic_ecumenical_altar
D:2:      layout_basic

Skill      XL: |  1 |
---------------+----+-----
Long Blades    | 3 |  3.6
Fighting       | |  3.0
Spellcasting   | |  2.7

Action                   || total
-------------------------++-------
Melee: Falchion          ||    82
 Cast: Scorch            ||    15
Armor: Robe              ||    20
Dodge: Dodged            ||    43
